 Dungeon Crawl Stone Soup version 0.28.0-45-g0d030f2227 (webtiles) character file.

Game seed: 17441003249692874056

60 rizoto1 the Chiller (level 4, -3/30 HPs)
             Began as a Merfolk Ice Elementalist on May 7, 2022.
             Killed from afar by Sigmund (7 damage)
             ... with a magic dart
             ... on level 2 of the Dungeon.
             The game lasted 00:24:44 (3207 turns).

rizoto1 the Chiller (Merfolk Ice Elementalist)      Turns: 3207, Time: 00:24:45

Health: -3/30      AC:  3    Str:  8    XL:     4   Next: 4%
Magic:  6/8        EV: 13    Int: 16    God:
Gold:   24         SH:  5    Dex: 14    Spells: 1/8 levels left

rFire   . . .      SeeInvis .   e - +0 club
rCold   . . .      Faith    .   (no shield)
rNeg    . . .      Spirit   .   a - +0 robe
rPois   .          Reflect  +   (no helmet)
rElec   .          Harm     .   (no cloak)
rCorr   .          Rampage  .   i - +0 pair of gloves
Will    .....                   (no boots)
Stlth   ++........              l - amulet of reflection
HPRegen 0.10/turn               (no ring)
MPRegen 0.11/turn               (no ring)

@: no status effects
A: (nimble swimmer 2), mertail
a: no special abilities


You were on level 2 of the Dungeon.
You visited 1 branch of the dungeon, and saw 2 of its levels.

You collected 24 gold pieces.

Inventory:

Hand Weapons
 e - a +0 club (weapon)
 f - a +0 club
Missiles
 c - 58 arrows
 g - 38 stones
Armour
 a - a +0 robe (worn)
 i - a +0 pair of gloves (worn)
 k - a +0 leather armour
Jewellery
 l - an amulet of reflection (around neck)


   Skills:
 + Level 0.1 Fighting
 + Level 3.2 Dodging
 + Level 2.7 Stealth
 + Level 0.1 Shields
 + Level 2.6 Spellcasting
 + Level 5.0 Ice Magic


You had one spell level left.
You knew the following spells:

 Your Spells              Type           Power      Damage    Failure   Level
a - Freeze                Ice            72%        1d9       2%          1
b - Frozen Ramparts       Ice            36%        1d5       7%          3
c - Ozocubu's Armour      Ice            18%        N/A       7%          3

Your spell library contained the following spells:

 Spells                   Type           Power      Damage    Failure   Level
 Hailstorm                Conj/Ice       10%        3d5       56%         4
 Leda's Liquefaction      Hex/Erth       1%         N/A       88%         4
 Lee's Rapid Deconstruct  Erth           1%         3d5*      99%         5
 Statue Form              Tmut/Erth      1%         N/A       100%        6


Dungeon Overview and Level Annotations

Branches:
Dungeon (2/15)

Altars:
Cheibriados

Annotations:
D:2 Sigmund


Innate Abilities, Weirdness & Mutations

((You are very nimble when in or above water. (Stealth+, EV+, Speed+++)))
Your lower body shifts to a powerful aquatic tail in water.


Message History

You can't see any susceptible monsters within range! (Use Z to cast anyway.)
Casting: Freeze (safe; 2% risk of failure)
Confirm with . or Enter, or press ? or * to list all spells.
Aiming: Freeze (safe; 2% risk of failure)
Press: ? - help, Shift-Dir - straight line You freeze something!
Something hits you.
You feel yourself speed up.
Casting: Freeze (safe; 2% risk of failure)
Confirm with . or Enter, or press ? or * to list all spells.
You can't see any susceptible monsters within range! (Use Z to cast anyway.)
Casting: Freeze (safe; 2% risk of failure)
Confirm with . or Enter, or press ? or * to list all spells.
Aiming: Freeze (safe; 2% risk of failure)
Press: ? - help, Shift-Dir - straight line You freeze something.
Something hits you.
* * * LOW HITPOINT WARNING * * *
Your icy armour will break if you move.
Continue?
Okay, then.
Your icy armour will break if you move.
Continue?
Your icy armour cracks and falls away as you move.
A magic dart appears from out of thin air!
The magic dart hits you.
* * * LOW HITPOINT WARNING * * *
Something tries to affect you, but you resist.
You start resting.
A magic dart appears from out of thin air!
The magic dart hits you.
* * * LOW HITPOINT WARNING * * *
There is a strange disturbance nearby!
There is a strange disturbance nearby!
There is a strange disturbance nearby!
There is a strange disturbance nearby!
You open the door.
Your extra speed is starting to run out.
There is an open door here.
You feel yourself slow down.
You open the door. Sigmund casts a spell at you. The magic dart hits you!
You die...

.........# #.............
.........# #.............
.........# #.....########
.### .........#
#.....(...... ....
########.#
#.....###########..#
#.####..................#
#..@.....#............#
#########...#)...........#
............@............#
.########...#............#
#
#######...#............##.#
#.........+...............#
#.#####...#............####
#.# #...#............#
#.##.# #####............#
#.##h# #.......)....#
#.##.# ##############


You could see Sigmund.

Vanquished Creatures
  A gnoll (D:1)
  2 worms (D:2)
  A dart slug (D:1)
  A ball python (D:1)
  2 bats (D:1)
  3 endoplasms
  A giant cockroach (D:2)
  3 goblins
  7 hobgoblins
  9 jackals
  A quokka (D:1)
  A frilled lizard (D:2)
  2 kobolds
  2 rats
36 creatures vanquished.

Notes
Turn   | Place    | Note
-------+----------+-------------------------------------------
     0 | D:1      | rizoto1 the Merfolk Ice Elementalist began the quest for
                  | the Orb.
     0 | D:1      | Reached XP level 1. HP: 13/13 MP: 3/3
   184 | D:1      | Reached XP level 2. HP: 9/19 MP: 1/5
   646 | D:1      | Reached XP level 3. HP: 3/24 MP: 1/6
  1240 | D:2      | Reached skill level 5 in Ice Magic
  1520 | D:2      | Learned a level 3 spell: Frozen Ramparts
  1843 | D:2      | Found a faded altar of an unknown god.
  1866 | D:2      | Found a snail-covered altar of Cheibriados.
  3044 | D:2      | Reached XP level 4. HP: 30/30 MP: 5/8
  3059 | D:2      | Learned a level 3 spell: Ozocubu's Armour
  3115 | D:2      | Noticed Sigmund
  3173 | D:2      | HP: 1/30 [something/magic dart (5)]
  3207 | D:2      | Killed from afar by Sigmund

Illustrated notes

Levels and vault maps discovered:
D:1:      dpeg_arrival_radiant, layout_basic, serial_rivers,
          chequers_serial_rivers_micro_d, chequers_serial_rivers_large_b,
          chequers_serial_rivers_micro_b, chequers_serial_rivers_small_b,
          chequers_serial_rivers_micro_d, minmay_misc_feat_secret_circle,
          minmay_misc_feat_encased, minmay_indecisive_spiral
D:2:      layout_basic, basic_altar, nicolae_ecumenical_oubliette, uniq_natasha,
          uniq_sigmund

Skill      XL: |  1  2  3 |
---------------+----------+-----
Dodging        | 3 |  3.2
Ice Magic      | 5 |  5.0
Fighting       | |  0.1
Stealth        | |  2.7
Shields        | |  0.1
Spellcasting   | |  2.6

Action                   |  1- 3 |  4- 6 || total
-------------------------+-------+-------++-------
Melee: Unarmed           |    16 |       ||    16
       Club              |    23 |     3 ||    26
 Cast: Freeze            |    52 |     7 ||    59
       Frozen Ramparts   |     2 |       ||     2
       Ozocubu's Armour  |       |     2 ||     2
  Use: Potion            |     2 |     1 ||     3
       Scroll            |     1 |       ||     1
Armor: Robe              |    29 |     1 ||    30
Dodge: Dodged            |   100 |     4 ||   104
Block: Other             |    27 |     1 ||    28
